 Dungeon Crawl Stone Soup version 0.29.0-4-gdea44cf6ec (webtiles) character file.

Game seed: 10036964860012026529

4 qw the Sneak (level 1, -1/14 HPs)
             Began as a Gargoyle Delver on Sept 10, 2022.
             Slain by a goblin
             ... wielding a +0 dagger
             ... led by Robin
              (2 damage)
             ... on level 3 of the Dungeon.
             The game lasted 00:00:02 (69 turns).

qw the Sneak (Gargoyle Delver)                        Turns: 69, Time: 00:00:03

Health: -1/14      AC:  5    Str: 15    XL:     1   Next: 60%
Magic:  1/1        EV: 11    Int: 10    God:
Gold:   0          SH:  0    Dex: 11    Spells: 0/0 levels left

rFire   . . .      SeeInvis +   a - +0 hand axe
rCold   . . .      Faith    .   (no shield)
rNeg    + . .      Spirit   .   b - +0 leather armour
rPois   inf        Reflect  .   (no helmet)
rElec   +          Harm     .   (no cloak)
rCorr   .          Rampage  .   (no gloves)
Will    .....                   (no boots)
Stlth   +++.......              (no amulet)
HPRegen 0.04/turn               c - ring of see invisible
MPRegen 0.07/turn               (no ring)

@: no status effects
A: sickness immunity, AC +2, negative energy resistance 1, electricity
resistance, torment resistance 1, petrification resistance
a: no special abilities


You were on level 3 of the Dungeon.
You visited 1 branch of the dungeon, and saw 3 of its levels.


Innate Abilities, Weirdness & Mutations

You are immune to sickness and miasma.
Your stone body is resilient. (AC +2)
You are immune to poison.
You resist negative energy. (rN+)
You are resistant to electric shocks. (rElec)
You are resistant to unholy torment.
You are immune to petrification.


   Skills:
 - Level 3.2 Fighting
 + Level 2.1 Axes
 - Level 1.5 Dodging
 - Level 5.4 Stealth


You couldn't memorise any spells.
You didn't know any spells.
Your spell library was empty.

Inventory:

Hand Weapons
 a - a +0 hand axe (weapon)
Armour
 b - a +0 leather armour (worn)
Jewellery
 c - a ring of see invisible (left hand)
Wands
 g - a wand of digging (3)
Potions
 f - a potion of haste

Dungeon Overview and Level Annotations

Branches:
Dungeon (5/15)
 Temple: D:4-7

Altars:

Annotations:
D:3 Robin, Sigmund


Message History

The goblin is heavily wounded.
You hit the hobgoblin. You hit the hobgoblin but do no damage.
You closely miss Sigmund. The goblin barely misses you.
The hobgoblin closely misses you.
The hobgoblin hits you but does no damage.
You hit the hobgoblin.
You kill the hobgoblin!
You hit the hobgoblin. You hit the goblin.
You kill the goblin!
You hit Sigmund. Sigmund hits you but does no damage.
The hobgoblin barely misses you.
Your Axes skill increases to level 2!
You barely miss Sigmund.
Sigmund is heavily wounded.
You completely miss the goblin. You closely miss the hobgoblin.
A goblin comes into view. It is wielding a +0 club.
Sigmund mumbles some strange words.
Sigmund flickers and vanishes for a moment.
The hobgoblin barely misses you.
You hit Sigmund.
Sigmund is severely wounded.
You hit the hobgoblin.
You kill the hobgoblin!
You closely miss the goblin.
Robin of the Strong Arm comes into view.
They are wielding a +0 spear of flaming.
The goblin hits you but does no damage.
Sigmund points at you and mumbles some strange words.
You resist with significant effort.
A hobgoblin comes into view.
The goblin hits you but does no damage. x2
A hobgoblin comes into view.
Sigmund hits you but does no damage.
The hobgoblin shouts!
You hit Sigmund.
Sigmund is severely wounded.
You hit the goblin. You closely miss the goblin.
You hit the goblin but do no damage.
You hear a shout!
The goblin hits you but does no damage. The goblin hits you with a +0 dagger.
You die...

.# .. g# .## g.
g# ########g#
.......gg##.###
######.@g......
#@####.##. #. #
#. #. .. $. ..


You could see Sigmund (invisible), Robin, 2 hobgoblins and 4 goblins.

Vanquished Creatures
  A goblin (D:3)
  2 hobgoblins (D:3)
3 creatures vanquished.

Notes
Turn   | Place    | Note
-------+----------+-------------------------------------------
     0 | D:5      | qw the Gargoyle Delver began the quest for the Orb.
     0 | D:5      | Reached XP level 1. HP: 14/14 MP: 1/1
     0 | D:5      | 0 ||| qw: Version: 0.1-a-116-g5d60599
     0 | D:5      | 0 ||| qw: Game counter: 8069
     0 | D:5      | 0 ||| qw: Always use a shield: true
     0 | D:5      | 0 ||| qw: God list: Okawaru
     0 | D:5      | 0 ||| qw: Allow faded altars: false
     0 | D:5      | 0 ||| qw: Do Orc after D:15 true
     0 | D:5      | 0 ||| qw: Do second Lair branch before Depths: true
     0 | D:5      | 0 ||| qw: Lair rune preference: random
     0 | D:5      | 0 ||| qw: Plans: Normal
     0 | D:5      | 0 ||| PLANNING D:1-11
    17 | D:5      | 17 ||| DROPPING scroll of fog.
    18 | D:5      | 18 ||| DROPPING scroll of magic mapping.
    19 | D:5      | 19 ||| DROPPING scroll of fear.
    52 | D:4      | 52 ||| UPGRADING to ring of see invisible.
    57 | D:3      | Noticed Sigmund
    64 | D:3      | HP: 2/14 [Sigmund/+0 scythe (7)]
    68 | D:3      | Noticed Robin
    69 | D:3      | Slain by a goblin

Levels and vault maps discovered:
D:3:      layout_loops_ring, serial_shops, shop,
          shapermc_ecumenical_altar_totnotflames, uniq_robin,
          uniq_crazy_yiuf_cottage, uniq_sigmund, uniq_grinder
D:4:      layout_rooms, jmf_multi_god_temple
D:5:      layout_loops_corners, mainiacjoe_overflow_surrounded_room, zin_purify,
          serial_park_tiny_1, corexii_checkpoint_a, uniq_pikel

Skill      XL: |  1 |
---------------+----+-----
Axes           | 2 |  2.1
Fighting       | |  3.2
Dodging        | |  1.5
Stealth        | |  5.4

Action                   || total
-------------------------++-------
Melee: Hand axe          ||    11
Armor: Leather armour    ||    10
Dodge: Dodged            ||    10

Table legend:
 A = Non-vault XP
 B = Vault XP
 C = Vault XP percentage of total XP
 D = Non-vault monster count
 E = Vault monster count
 F = Vault count percentage of total count
                 A         B        C        D         E       F
            +---------+---------+-------+---------+---------+-------
      Total |       0 |       6 | 100.0 |       0 |       3 | 100.0
            +---------+---------+-------+---------+---------+-------
        D:3 |       0 |       6 | 100.0 |       0 |       3 | 100.0
            +---------+---------+-------+---------+---------+-------
